 Dungeon Crawl Stone Soup version 0.23.0 (webtiles) character file.

Game seed: 17960220559773356769

53 Tiagovsky the Skirmisher (level 3, -3/31 HPs)
             Began as a Barachi Fighter on Feb 10, 2019.
             Slain by an ice beast (14 damage)
             ... on level 2 of the Dungeon.
             The game lasted 00:06:21 (1381 turns).

Tiagovsky the Skirmisher (Barachi Fighter)          Turns: 1381, Time: 00:06:22

Health: -3/31      AC:  8    Str: 23    XL:     3   Next: 89%
Magic:  3/3        EV:  7    Int:  8    God:
Gold:   119        SH:  9    Dex: 11    Spells: 2/2 levels left

rFire    . . .     SeeInvis .   a - +0 long sword
rCold    . . .     Gourm    .   c - +0 shield
rNeg     . . .     Faith    .   b - +0 scale mail
rPois    .         Spirit   .   (no helmet)
rElec    .         Reflect  .   j - +0 cloak
rCorr    .         Harm     .   (no gloves)
MR       .....                  (no boots)
Stlth    ..........             (no amulet)
HPRegen  0.10/turn              (no ring)
MPRegen  0.08/turn              (no ring)

@: mighty, lethally poisoned (-3 -> -5), slow
A: +LOS, swims, slowness 1, strong legs 1
a: Hop


You were on level 2 of the Dungeon.
You were not hungry.

You visited 1 branch of the dungeon, and saw 3 of its levels.

You collected 119 gold pieces.

Inventory:

Hand Weapons
 a - a +0 long sword (weapon)
Missiles
 e - 31 stones (quivered)
 n - 40 sling bullets
Armour
 b - a +0 scale mail (worn)
 c - a +0 shield (worn)
 j - a +0 cloak (worn)
Scrolls
 g - a scroll of magic mapping {unknown}
 i - 2 scrolls of remove curse {unknown}
 k - a scroll of identify {unknown}
 p - a scroll of noise {unknown}
 q - 3 scrolls of amnesia {unknown}
 r - a scroll of random uselessness {unknown}
Potions
 h - 3 potions of curing {unknown}
 l - 2 potions of flight {unknown}
 m - a potion of cancellation {unknown}
Comestibles
 f - 5 rations
 o - 2 chunks of flesh


   Skills:
 + Level 4.4 Fighting
 + Level 3.4 Long Blades
 - Level 3.6 Armour
 + Level 4.0 Shields


You had 2 spell levels left.
You didn't know any spells.
Your spell library was empty.

Dungeon Overview and Level Annotations

Branches:
Dungeon (3/15)

Altars:


Innate Abilities, Weirdness & Mutations

Shadows flee at your approach. (+LOS)
You can swim through water.
You cover ground slowly.
You can hop short distances.


Message History

You slash the adder!
The adder is severely wounded.
You feel sick. The adder barely misses you.
You riposte.
Your shield prevents you from hitting the adder.
The adder is severely wounded.
The ice beast hits you. The ice beast freezes you. The adder barely misses you.
You riposte.
You closely miss the adder.
The adder is severely wounded.
Hop to where?
Press: ? - help, Dir - move target cursor Out of range.
Okay, then.
You feel very mighty all of a sudden.
The ice beast hits you but does no damage.
You block the adder's attack.
You closely miss the adder.
The adder is severely wounded.
You feel sick. The adder barely misses you. The ice beast hits you.
The ice beast freezes you!
You die...

....#######..(##+#...........###
....###......................#
....##...................######
.#####................(.......#
.#####........................###
....##....###.................#..
........### #.................#.#
........#####'#..Y............#.#
.....)..........@)..........###.#
................S####.......# #.#
###..............############ #.#
.............^..........#######'#
....)......).....................
.................................
..........)###...................
...........# #..........#########
...........# #...##...###


You could see an ice beast and an adder.

Vanquished Creatures
  An adder (D:2)
  An ooze (D:1)
  A dart slug (D:2)
  A leopard gecko (D:2)
  2 giant cockroaches
  7 goblins
  4 hobgoblins
  A quokka (D:2)
  7 bats
  4 frilled lizards
  6 kobolds
35 creatures vanquished.

Notes
Turn   | Place    | Note
-------+----------+-------------------------------------------
     0 | D:1      | Tiagovsky the Barachi Fighter began the quest for the Orb.
     0 | D:1      | Reached XP level 1. HP: 18/18 MP: 1/1
   125 | D:1      | Reached XP level 2. HP: 22/25 MP: 2/2
   531 | D:2      | Reached XP level 3. HP: 13/30 MP: 3/3
  1358 | D:3      | Noticed an ice beast
  1381 | D:2      | Slain by an ice beast

Skill      XL: |  1  2  3 |
---------------+----------+-----
Fighting       | 4 |  4.4
Long Blades    | 3 |  3.4
Shields        | 4 |  4.0
Armour         | |  3.6

Action                   || total
-------------------------++-------
Melee: Long sword        ||   122
Throw: Stone             ||    35
  Use: Potion            ||     1
  Eat: Chunk             ||     2
Armor: Scale mail        ||    68
Dodge: Dodged            ||    38
Block: Shield            ||    74
       Rpst.: Long sword ||    12
